 Dungeon Crawl Stone Soup version 0.21.1-1-g345015f (webtiles) character file.

67 zishaf the Conjurer (level 4, -1/33 HPs)
             Began as a Draconian Conjurer on May 15, 2018.
             Slain by a worm (11 damage)
             ... on level 3 of the Dungeon.
             The game lasted 00:03:38 (2193 turns).

zishaf the Conjurer (Draconian Conjurer)            Turns: 2193, Time: 00:03:39

Health: -1/33      AC:  5    Str: 11    XL:     4   Next: 0%
Magic:  1/8        EV: 12    Int: 16    God:
Gold:   91         SH:  0    Dex: 11    Spells: 6/9 levels left

rFire    . . .     SeeInvis .   (no weapon)
rCold    . . .     Gourm    .   (no shield)
rNeg     . . .     Faith    .   (armour unavailable)
rPois    .         Spirit   .   (helmet restricted)
rElec    .         Reflect  .   (no cloak)
rCorr    .         Harm     .   (no gloves)
MR       .....                  (no boots)
Stlth    ++........             (no amulet)
HPRegen  0.11/turn              (no ring)
MPRegen  0.11/turn              (no ring)

@: no status effects
A: unfitting armour, cold-blooded, AC +5
a: no special abilities


You were on level 3 of the Dungeon.
You were hungry.

You visited 1 branch of the dungeon, and saw 3 of its levels.

You collected 91 gold pieces.

Inventory:

Scrolls
 c - 2 scrolls of enchant weapon {unknown}
 e - a scroll of remove curse {unknown}
 g - 3 scrolls of magic mapping {unknown}
 k - 2 scrolls of fog {unknown}
 l - a scroll of fear {unknown}
 n - a scroll of noise {unknown}
Potions
 d - 2 potions of heal wounds {unknown}
 f - a potion of flight {unknown}
 i - a potion of brilliance {unknown}
 j - a potion of magic {unknown}
 m - a potion of resistance {unknown}
 o - a potion of agility {unknown}
Books
 a - a book of Conjurations

   Spells                             Type                      Level
   a - Magic Dart                     Conjuration                  1
   b - Searing Ray                    Conjuration                  2
   c - Dazzling Spray                 Conjuration/Hexes            3
   d - Fulminant Prism                Conjuration/Hexes            4
   e - Force Lance                    Conjuration/Translocation    4
   f - Iskenderun's Mystic Blast      Conjuration                  4
Comestibles
 b - 5 rations
 h - 2 chunks of flesh


   Skills:
 - Level 2.0 Dodging
 - Level 1.7 Stealth
 + Level 3.1 Spellcasting
 + Level 4.8 Conjurations


You had 6 spell levels left.
You knew the following spells:

 Your Spells              Type           Power        Failure   Level  Hunger
a - Magic Dart            Conj           ###.         2%          1    None
b - Searing Ray           Conj           ###...       3%          2    ##.....


Dungeon Overview and Level Annotations

Branches:
Dungeon (3/15)

Altars:
Sif Muna


Innate Abilities, Weirdness & Mutations

Your plain brown scales are hard. (AC +5)
You cannot fit into any form of body armour.
You are cold-blooded and may be slowed by cold attacks.


Message History

You hit the worm.
The worm is severely wounded.
You barely miss the worm.
The worm is severely wounded.
The worm bites you!
You hit the worm but do no damage. You tail-slap the worm.
The worm is almost dead.
The worm bites you.
You hit the worm.
The worm is almost dead.
You hit the worm but do no damage.
The worm is almost dead.
The worm bites you!
* * * LOW HITPOINT WARNING * * *
You hit the worm but do no damage.
The worm is almost dead.
You hit the worm.
The worm is almost dead.
The worm bites you!
You die...

### ##.b ..# ..# #.#
#(#
#.################.#
#..@w....<......(..#
###.########.#####.
...# #.# # ##### #w#
.# #.####..#
#.......# #######..


You could see a worm.

Vanquished Creatures
  2 adders (D:2)
  An ooze (D:2)
  A worm (D:2)
  A leopard gecko (D:2)
  4 orcs
  3 giant cockroaches (D:1)
  5 goblins
  2 hobgoblins
  3 kobolds
  A quokka (D:2)
  4 bats
  2 frilled lizards
  8 rats
37 creatures vanquished.

Notes
Turn   | Place    | Note
-------+----------+-------------------------------------------
     0 | D:1      | zishaf the Draconian Conjurer began the quest for the Orb.
     0 | D:1      | Reached XP level 1. HP: 14/14 MP: 3/3
   351 | D:1      | Reached XP level 2. HP: 20/20 MP: 1/5
   395 | D:1      | Learned a level 2 spell: Searing Ray
  1149 | D:2      | Reached XP level 3. HP: 26/26 MP: 0/7
  1883 | D:2      | Found a deep blue altar of Sif Muna.
  1987 | D:2      | Reached XP level 4. HP: 19/33 MP: 0/8
  2193 | D:3      | Slain by a worm

Skill      XL: |  1  2  3 |
---------------+----------+-----
Dodging        | 2 |  2.0
Spellcasting   | 3 |  3.1
Stealth        | |  1.7
Conjurations   | |  4.8

Action                   |  1- 3 |  4- 6 || total
-------------------------+-------+-------++-------
Melee: Unarmed           |     9 |     9 ||    18
       Tailslap          |     1 |     1 ||     2
 Cast: Magic Dart        |    84 |    12 ||    96
       Searing Ray       |     1 |       ||     1
  Eat: Chunk             |     4 |       ||     4
Armor: Skin              |     3 |       ||     3
Dodge: Dodged            |     8 |     1 ||     9
